 Dungeon Crawl Stone Soup version 0.30.1-4-g462c640d31 (webtiles) character file.

Game seed: 7049942982104323227

98 Peloso the Covered (level 4, 40/40 HPs)
             Began as a Minotaur Fighter on Aug 20, 2023.
             Got out of the dungeon alive.
             The game lasted 00:03:08 (1216 turns).

Peloso the Covered (Minotaur Fighter)               Turns: 1216, Time: 00:03:08

Health: 40/40      AC:  7    Str: 20    XL:     4   Next: 44%
Magic:  3/3        EV:  9    Int:  5    God:
Gold:   67         SH:  5    Dex: 12    Spells: 3/3 levels left

rFire   . . .        a - +0 long sword
rCold   . . .        c - +0 buckler
rNeg    . . .        b - +0 scale mail
rPois   .            (helmet restricted)
rElec   .            (no cloak)
rCorr   .            (no gloves)
SInv    .            (no boots)
Will    .....        (no amulet) Stlth
                     k - +4 ring of slaying
HPRegen 0.26/turn    (no ring)
MPRegen 0.08/turn

%: no passive effects
@: no status effects
A: horns 2, retaliatory headbutt, hooves 1, subdued magic 1
a: no special abilities


You escaped.
You visited 1 branch of the dungeon, and saw 2 of its levels.

You collected 67 gold pieces.

Inventory:

Hand Weapons
 a - a +0 long sword (weapon)
Armour
 b - a +0 scale mail (worn)
 c - a +0 buckler (worn)
Jewellery
 k - a +4 ring of slaying (left hand)
 o - a +6 ring of intelligence
Scrolls
 f - 2 scrolls of identify
 i - a scroll of teleportation {unknown}
 l - 2 scrolls of enchant armour {unknown}
 n - a scroll of poison {unknown}
 p - a scroll of enchant weapon {unknown}
Potions
 d - 2 potions of might
 e - 2 potions of haste
 h - a potion of magic {unknown}
 j - a potion of invisibility {unknown}
 m - a potion of flight {unknown}
 q - a potion of ambrosia {unknown}


   Skills:
 + Level 4.2 Fighting
 + Level 3.6 Long Blades
 + Level 4.5 Armour
 + Level 0.7 Dodging
 + Level 4.3 Shields


You had 3 spell levels left.
You didn't know any spells.
Your spell library contained the following spells:

 Spells                   Type           Power      Damage    Failure   Level
 Inner Flame              Hex/Fire       0%         N/A       99%         3
 Yara's Violent Unravell  Hex/Tmut       0%         3d3       100%        5
 Enfeeble                 Hex            0%         N/A       100%        7


Dungeon Overview and Level Annotations

Branches:
Dungeon (2/15)

Altars:

Shops:
D:1 (


Innate Abilities, Weirdness & Mutations

You have a pair of horns on your head.
You reflexively headbutt those who attack you in melee.
You have large cloven feet.
Your spells are a little easier to cast, but a little less powerful.


Message History

A frilled lizard is nearby!
A frilled lizard is nearby!
The frilled lizard closely misses you.
You hit the frilled lizard.
The frilled lizard is heavily wounded.
The frilled lizard barely misses you. You furiously retaliate!
You headbutt the frilled lizard!
You kill the frilled lizard!
You open the door.
There is an open door here.
Found a stone staircase leading up.
Found a mace.
Found a ring mail.
Done exploring.
Done exploring.
Done exploring.
As you read the scroll labelled DEGOEQOETZ, it crumbles to dust.
It is a scroll of identify.
e - 2 potions of haste
Okay, then.
It was a potion of mutation.
You feel extremely strange.
Your toenails lengthen and sharpen.
Iridescent scales grow over part of your body.
You feel less in control of your magic.
Unknown command.
Really quaff the potion of mutation?
You feel extremely strange.
You regain control of your magic.
Your iridescent scales disappear.
Your talons dull and shrink into feet.
Your feet thicken and deform.
Your connection to magic feels subdued.
Unknown command.
(D) Dungeon
Where to? (Enter - D:12, ? - help)
What level of the Dungeon? (default 1, ? - help)
There is a stone staircase leading up here.
You climb upwards.
There is a stone staircase leading down here.
There is a staircase leading out of the dungeon here.
Are you sure you want to leave the Dungeon?
This will make you lose the game!
You have escaped!

####...####...........#.#
####..####...####...##..#
......#..).............##
....................####
###.......#.........#
###.......#.........#
##..................#
#....##...........#####
#.#.###.##......@.#...#
....#...##.......>#...#
....#.###....####'#...#
...........### #.#.>.#
......#.....## ##'...#
........###..# ##...#
#### ......### ##.####
##### ##..# .....##
#....# #...# .....####
#....# #.#.##


There were no monsters in sight!

Vanquished Creatures
  Jessica (D:2)
  Natasha (D:2)
  An adder (D:2)
  A dart slug (D:1)
  3 endoplasms (D:2)
  4 giant cockroaches
  2 hobgoblins (D:1)
  4 jackals (D:1)
  2 ball pythons (D:1)
  3 bats (D:1)
  2 frilled lizards
  2 goblins (D:2)
  4 kobolds
  5 rats
35 creatures vanquished.

Notes
Turn   | Place    | Note
-------+----------+-------------------------------------------
     0 | D:1      | Peloso the Minotaur Fighter began the quest for the Orb.
     0 | D:1      | Reached XP level 1. HP: 19/19 MP: 0/0
    84 | D:1      | Reached XP level 2. HP: 24/27 MP: 1/1
   309 | D:1      | Found Umac's Weapon Boutique.
   553 | D:2      | Reached XP level 3. HP: 24/33 MP: 2/2
   592 | D:2      | Noticed Jessica
   596 | D:2      | Killed Jessica
   728 | D:2      | Reached XP level 4. HP: 40/40 MP: 3/3
   739 | D:2      | Noticed Natasha
   746 | D:2      | Killed Natasha
  1186 | D:2      | Gained mutation: You have sharp toenails. [potion of
                  | mutation]
  1186 | D:2      | Gained mutation: You are partially covered in iridescent
                  | scales. (AC +2) [potion of mutation]
  1186 | D:2      | Gained mutation: Your spells are a little harder to cast,
                  | but a little more powerful. [potion of mutation]
  1187 | D:2      | Lost mutation: Your spells are a little harder to cast, but
                  | a little more powerful. [potion of mutation]
  1187 | D:2      | Lost mutation: You are partially covered in iridescent
                  | scales. (AC +2) [potion of mutation]
  1187 | D:2      | Lost mutation: You have sharp toenails. [potion of
                  | mutation]
  1187 | D:2      | Gained mutation: You have large cloven feet. [potion of
                  | mutation]
  1187 | D:2      | Gained mutation: Your spells are a little easier to cast,
                  | but a little less powerful. [potion of mutation]
  1216 | D:$      | Got out of the dungeon alive.

Illustrated notes

Levels and vault maps discovered:
D:1:      dpeg_arrival_connections, layout_rooms, serial_shops, shop,
          minmay_misc_feat_hallway
D:2:      layout_basic, guppyfry_early_lair_pool, uniq_natasha, uniq_jessica

Skill      XL: |  1  2  3 |
---------------+----------+-----
Armour         | 4 |  4.5
Shields        | 4 |  4.3
Fighting       | 4 |  4.2
Long Blades    | 3 |  3.6
Dodging        | |  0.7

Action                     |  1- 3 |  4- 6 || total
---------------------------+-------+-------++-------
  Melee: Long sword        |    66 |    10 ||    76
         Headbutt          |     5 |       ||     5
    Use: Potion            |       |     2 ||     2
         Scroll            |       |     1 ||     1
 Armour: Scale mail        |    41 |     1 ||    42
  Dodge: Dodged            |    49 |     6 ||    55
  Block: Buckler           |    28 |       ||    28
